Map: Prion Terraces

Players

MarineLorD

  • Race: Terran Terran
  • League: Platinum

LiquidMaNa (MaNa) - Winner!

  • Race: Protoss Protoss
  • League: Grandmaster

Event: Homestory Cup XII

VOD

Have the link to the VOD?

Description

Time

  • Played on: Dec. 17, 2015, 11:07 a.m.
  • Length: 5:51

All games in this series

Show
View Real Time Build Order
Export as new Build Order

MarineLorD Terran 

Build Orders: Liberator Opening 

Get SALT Encoding   

  12  0:00  SCV  
  13  0:13  SCV  
  14  0:17  Supply Depot  
  14  0:25  SCV  
  15  0:38  SCV  
  15  0:40  Barracks  
  16  0:44  Refinery  
  16  0:50  SCV  
  17  1:03  SCV  
  18  1:15  SCV  
  19  1:27  Orbital Command  
  19  1:28  Barracks Reactor  
  19  1:39  Command Center  
  19  1:47  Supply Depot  
  19  1:52  SCV  
  20  2:04  SCV, Marine x2  
  23  2:13  Factory  
  23  2:16  SCV  
  23  2:22  Marine x2  
  26  2:28  SCV  
  27  2:36  Refinery  
  27  2:39  Marine  
  27  2:40  SCV, Marine  
  30  2:52  Orbital Command  
  30  2:53  SCV  
  31  2:59  Starport, Marine x2  
  31  3:05  SCV  
  34  3:06  Widow Mine  
  36  3:13  Supply Depot  
  36  3:17  SCV  
  36  3:19  Marine x2  
  39  3:25  SCV  
  40  3:29  SCV  
  41  3:35  Medivac  
  41  3:37  Supply Depot  
  41  3:38  SCV, Factory Tech Lab  
  41  3:39  Marine  
  41  3:40  Marine  
  46  3:43  SCV  
  47  3:48  Supply Depot  
  47  3:50  SCV  
  49  3:55  SCV  
  49  3:57  Marine  
  49  3:58  Liberator, Marine  
  49  4:00  Cyclone  
  49  4:02  SCV  
  55  4:07  SCV  
  56  4:10  Refinery  
  56  4:15  SCV  
  60  4:17  Marine x2  
  60  4:19  SCV  
  63  4:27  SCV  
  63  4:28  Supply Depot  
  64  4:32  SCV  
  64  4:35  Marine x2  
  64  4:38  Siege Tank  
  70  4:40  Supply Depot  
  70  4:42  Supply Depot  
  70  4:50  SCV x2  
  72  4:53  Marine x2  
  74  5:02  SCV x2  
  49  5:14  SCV x2  
  49  5:20  Marine x2  
  49  5:26  SCV x2  
  37  5:38  SCV x2  
Show
View Real Time Build Order
Export as new Build Order

LiquidMaNa Protoss - Winner!

Build Orders: 1 Gate Expand, Nexus First 

Get SALT Encoding   

  12  0:00  Probe (Chrono Boost)  
  13  0:11  Probe (Chrono Boost)  
  14  0:18  Pylon  
  14  0:22  Probe (Chrono Boost)  
  15  0:36  Gateway, Probe (Chrono Boost)  
  16  0:47  Probe (Chrono Boost)  
  17  1:05  Nexus  
  17  1:08  Probe (Chrono Boost)  
  18  1:13  Assimilator  
  18  1:23  Cybernetics Core  
  18  1:26  Probe (Chrono Boost)  
  18  1:31  Assimilator  
  19  1:36  Probe (Chrono Boost)  
  20  1:41  Pylon  
  21  1:47  Probe (Chrono Boost)  
  21  1:57  Probe (Chrono Boost)  
  21  2:00  Warp Gate  
  22  2:06  Stalker  
  22  2:08  Probe (Chrono Boost)  
  25  2:18  Probe (Chrono Boost)  
  25  2:19  Probe (Chrono Boost)  
  27  2:26  Twilight Council  
  27  2:29  Probe (Chrono Boost)  
  28  2:31  Probe (Chrono Boost)  
  28  2:39  Probe (Chrono Boost)  
  28  2:41  Probe (Chrono Boost)  
  28  2:43  Adept  
  32  2:51  Probe (Chrono Boost)  
  33  2:52  Probe (Chrono Boost)  
  34  2:59  Resonating Glaives (Chrono Boost), Robotics Facility  
  34  3:01  Probe (Chrono Boost)  
  34  3:04  Probe (Chrono Boost)  
  36  3:16  Probe x2  
  36  3:17  Pylon  
  38  3:24  Adept (Chrono Boost)  
  40  3:38  Gateway  
  40  3:41  Gateway  
  40  3:46  Warp Prism (Chrono Boost)  
  42  3:50  Gateway  
  42  3:54  Gateway  
  42  4:01  Gateway  
  42  4:03  Probe  
  42  4:04  Probe  
  42  4:08  Adept  
  46  4:15  Pylon  
  48  4:17  Mothership Core  
  48  4:19  Observer (Chrono Boost)  
  49  4:26  Probe, Pylon  
  50  4:32  Pylon  
  51  4:38  Probe  
  51  4:47  Observer (Chrono Boost)  
  52  4:59  Adept x5  
  61  5:03  Adept  
  50  5:23  Adept x3  
  50  5:25  Adept x3  
  50  5:28  Probe x2  
  58  5:46  Stalker x3  
Tags
 
Add a new tag
Caveats
  • Supply blocks, unpowered buildings, or Contaminate may cause inaccurate times.
  • Supply counts are checked every 10 seconds.